 Dungeon Crawl Stone Soup version 0.27-a0-1202-ge72e49191c (webtiles) character file.

Game seed: 4640148669018809302

25 reriks the Magician (level 2, 15/15 HPs)
             Began as a Deep Elf Hedge Wizard on June 2, 2021.
             Was a Follower of Wu Jian.
             Quit the game on level 1 of the Dungeon.
             The game lasted 00:01:40 (1065 turns).

reriks the Magician (Deep Elf Hedge Wizard)         Turns: 1065, Time: 00:01:41

Health: 15/15      AC:  2    Str:  7    XL:     2   Next: 82%
Magic:  9/9        EV: 12    Int: 18    God:    Wu Jian [*.....]
Gold:   9          SH:  0    Dex: 14    Spells: 9/10 levels left

rFire    . . .     SeeInvis .   a - +0 dagger
rCold    . . .     Faith    .   (no shield)
rNeg     . . .     Spirit   .   b - +0 robe
rPois    .         Reflect  .   c - +0 hat
rElec    .         Harm     .   (no cloak)
rCorr    .         Rampage  .   (no gloves)
Will     .....                  (no boots)
Stlth    ++........             (no amulet)
HPRegen  0.05/turn              (no ring)
MPRegen  0.11/turn              (no ring)

@: no status effects
A: no striking features
a: Renounce Religion


You were on level 1 of the Dungeon.
You worshipped Wu Jian.
Wu Jian was aware of your devotion.
You visited 1 branch of the dungeon, and saw 2 of its levels.

You collected 9 gold pieces.

Inventory:

Hand Weapons
 a - a +0 dagger (weapon)
Armour
 b - a +0 robe (worn)
 c - a +0 hat (worn)
Scrolls
 d - a scroll of teleportation {unknown}
 e - a scroll of fog {unknown}


   Skills:
 + Level 2.6 Dodging
 + Level 2.8 Stealth
 + Level 4.6 Spellcasting
 + Level 1.6 Conjurations
 + Level 1.7 Summonings
 + Level 1.5 Translocations


You had 9 spell levels left.
You knew the following spells:

 Your Spells              Type           Power      Damage    Failure   Level
a - Magic Dart            Conj           40%        1d5       7%          1

Your spell library contained the following spells:

 Spells                   Type           Power      Damage    Failure   Level
 Blink                    Tloc           N/A        N/A       11%         2
 Call Imp                 Summ           10%        N/A       11%         2
 Slow                     Hex            4%         N/A       22%         2
 Conjure Flame            Conj/Fire      7%         6-21      30%         3
 Mephitic Cloud           Conj/Pois/Air  6%         N/A       32%         3


Dungeon Overview and Level Annotations

Branches:
Dungeon (2/15)

Altars:
Wu Jian

Shops:
D:1 *


Message History

You start resting.
Magic restored.
Found a flail.
A goblin comes into view. It is wielding a +0 dagger.
Casting: Magic Dart (safe; 7% risk of failure)
Confirm with . or Enter, or press ? or * to list all spells.
Aiming: Magic Dart (safe; 7% risk of failure)
Press: ? - help, Shift-Dir - straight line, f - goblin
Aim: a goblin, wielding a +0 dagger (asleep, 100% to hit)
The magic dart hits the goblin.
The goblin is severely wounded.
The goblin shouts!
Casting: Magic Dart (safe; 7% risk of failure)
Confirm with . or Enter, or press ? or * to list all spells.
Aiming: Magic Dart (safe; 7% risk of failure)
Press: ? - help, Shift-Dir - straight line, f/p - goblin
Aim: a goblin, wielding a +0 dagger (severely wounded, 100% to hit)
The magic dart hits the goblin.
You kill the goblin!
Casting: Magic Dart (safe; 7% risk of failure)
Confirm with . or Enter, or press ? or * to list all spells.
You can't see any susceptible monsters within range! (Use Z to cast anyway.)
Casting: Magic Dart (safe; 7% risk of failure)
Confirm with . or Enter, or press ? or * to list all spells.
You can't see any susceptible monsters within range! (Use Z to cast anyway.)
You start resting.
Magic restored.
d - a scroll labelled AFOWAM NEIVU
Things that are here:
a +0 dagger; a goblin corpse
Found a faded altar of an unknown god.
e - a scroll labelled KIOLAE SOVUPNE
There is an empty arch of ancient stone here.
There is a faded altar of an unknown god here.
You cannot tell which god this altar belongs to.
Convert to them anyway?
Wu Jian accepts your prayer! The Council welcomes you!
You can now perform damaging attacks by moving towards foes.
You can now lightly attack monsters by moving around them.
Are you sure you want to abandon this character and quit the game? (Confirm with "yes".)

#. #. ≈..# .♣
#..###### ♣.
#..##...♣♣♣♣ .♣♣
#.....♣♣...♣ ♣.♣♣
..#)...♣♣♣.♣♣♣♣..♣
.......# ♣♣.....8♣
....♣♣♣♣ ♣♣♣.∩..@♣
...♣...♣♣♣......8♣
....♣♣.....♣♣♣♣..♣
.....♣♣♣♣♣♣..♣...♣
##....## #♣♣..♣♣
#......# ..♣♣
#......# .♣♣
#....).# ##
#......#


There were no monsters in sight!

Vanquished Creatures
  A bat (D:2)
  3 endoplasms
  2 goblins (D:1)
  2 hobgoblins (D:1)
  7 jackals
  A kobold (D:1)
  A quokka (D:1)
  A frilled lizard (D:1)
  A rat (D:1)
19 creatures vanquished.

Notes
Turn   | Place    | Note
-------+----------+-------------------------------------------
     0 | D:1      | reriks the Deep Elf Hedge Wizard began the quest for the
                  | Orb.
     0 | D:1      | Reached XP level 1. HP: 10/10 MP: 7/7
   331 | D:2      | Reached XP level 2. HP: 15/15 MP: 5/9
   744 | D:1      | Found Tongi's General Store.
  1045 | D:1      | Found a faded altar of an unknown god.
  1064 | D:1      | Became a worshipper of the Wu Jian Council
  1064 | D:1      | Reached * piety under Wu Jian
  1065 | D:1      | Quit the game

Illustrated notes

Levels and vault maps discovered:
D:1:      ncdulo_watergridlock, layout_basic,
          shapermc_ecumenical_altar_totnotflames, serial_shops, shop,
          grunt_decor_cap
D:2:      minmay_recursive_quarters, layout_loops_ring, minmay_heptomino_o4

Action                   || total
-------------------------++-------
 Cast: Magic Dart        ||    62
Armor: Robe              ||     2
Dodge: Dodged            ||    13

Table legend: (Time is in decaauts)
 A = Elapsed time spent in this place.
 B = Non-inter-level travel time spent in this place.
 C = Inter-level travel time spent in this place.
 D = Time resting spent in this place.
 E = Time spent auto-exploring this place.
 F = Levels seen in this place.
 G = Mean time per level.
                   A        B        C        D        E       F      G
               +--------+--------+--------+--------+--------+-----+--------+
         Total |   1066 |   1066 |      0 |    463 |    419 |   2 |  533.0 |
       Dungeon |   1066 |   1066 |      0 |    463 |    419 |   2 |  533.0 |
               +--------+--------+--------+--------+--------+-----+--------+

Top non-repeatable levels by time:
     D:1: 925 daAuts
     D:2: 140 daAuts
